 Dungeon Crawl Stone Soup version 0.22-a0-373-gab1296c (webtiles) character file.

1886 Feta the Fighter (level 9, 0/87 HPs)
             Began as an Ogre Hunter on Apr 25, 2018.
             Was an Initiate of Hepliaklqana.
             Slain by an orc warrior
             ... wielding a +0 trident
              (4 damage)
             ... on level 6 of the Dungeon.
             The game lasted 00:17:16 (7534 turns).

Feta the Fighter (Ogre Hunter)                      Turns: 7534, Time: 00:17:17

Health: 0/87       AC:  3    Str: 21    XL:     9   Next: 14%
Magic:  9/9        EV: 18    Int: 12    God:    Hepliaklqana [......]
Gold:   279        SH:  0    Dex: 19    Spells: 8/8 levels left

rFire    + . .     SeeInvis +   E - +2 flail (drain)
rCold    . . .     Gourm    .   (no shield)
rNeg     + . .     Faith    .   G - +0 robe of Summer {rF+ Dex+3 SInv Stlth+}
rPois    .         Spirit   .   (helmet restricted)
rElec    .         Reflect  .   (no cloak)
rCorr    .         Harm     .   (gloves unavailable)
MR       .....                  (boots unavailable)
Stlth    ++++......             s - amulet of regeneration
HPRegen  0.64/turn              r - ring of positive energy
MPRegen  0.11/turn              w - +2 ring of dexterity

@: agile, hasted, very quick
A: large, unfitting armour, reduced essence, fangs 1, talons 1, deterioration 1,
tough skin 1, MP-powered wands
a: Recall Ancestor, Ancestor Identity, Renounce Religion


You were on level 6 of the Dungeon.
You worshipped Hepliaklqana.
Hepliaklqana was noncommittal.
You were very hungry.

You visited 2 branches of the dungeon, and saw 7 of its levels.

You collected 279 gold pieces.

Inventory:

Hand Weapons
 D - a +0 blowgun
 E - a +2 flail of draining (weapon)
Missiles
 d - 3 throwing nets
 l - 2 tomahawks
 o - 33 poisoned needles
 F - 3 large rocks (quivered)
Armour
 G - the +0 robe of Summer (worn) {rF+ Dex+3 SInv Stlth+}
   (You found it on level 5 of the Dungeon)

   It affects your dexterity (+3).
   It protects you from fire.
   It lets you see invisible.
   It makes you more stealthy.
Jewellery
 r - a ring of positive energy (left hand)
 s - an amulet of regeneration (around neck)
 w - a +2 ring of dexterity (right hand)
Scrolls
 a - a scroll of torment {unknown}
 c - a scroll of immolation {unknown}
 g - a scroll of fear {unknown}
 i - a scroll of random uselessness {unknown}
 j - 4 scrolls of teleportation {unknown}
 m - a scroll of fog {unknown}
 n - 5 scrolls of identify {unknown}
 p - 6 scrolls of remove curse {unknown}
 q - a scroll of noise {unknown}
 v - 2 scrolls of enchant weapon {unknown}
 y - 4 scrolls of magic mapping {unknown}
 H - 3 scrolls of enchant armour {unknown}
Potions
 e - 2 potions of agility
 k - a potion of might {unknown}
 t - a potion of invisibility {unknown}
 u - a potion of mutation
 x - a potion of brilliance {unknown}
 z - a potion of heal wounds {unknown}
 A - 2 potions of curing
 B - a potion of flight
 C - a potion of lignification {unknown}
Comestibles
 b - 2 chunks of flesh
 f - 11 rations


   Skills:
 + Level 8.5 Fighting
 * Level 5.5 Maces & Flails
 + Level 6.6 Throwing
 + Level 5.1 Dodging
 - Level 0.6 Stealth


You had 8 spell levels left.
You didn't know any spells.

Dungeon Overview and Level Annotations

Branches:
Dungeon (6/15)             Temple (1/1) D:5

Altars:
Ashenzari
Cheibriados
Elyvilon
Gozag
Hepliaklqana
Makhleb
Okawaru
Qazlal
Sif Muna
Trog
Wu Jian
Xom
Zin


Innate Abilities, Weirdness & Mutations

You are too large for most types of armour.
You have tough skin. (AC +1)
Your life essence is reduced to manifest your ancestor. (-10% HP)
You have very sharp teeth.
You have sharp toenails.
Your body sometimes deteriorates upon taking damage.
You expend magic power (3 MP) to strengthen your wands.


Message History

The bullfrog closely misses you. The orc closely misses you.
You hit the orc warrior but do no damage.
You claw the orc warrior, but do no damage.
You bite the orc warrior, but do no damage.
The orc warrior is heavily wounded.
The bullfrog hits you.
* * * LOW HITPOINT WARNING * * *
Giacotti closely misses the orc warrior.
The orc warrior barely misses you. The bullfrog closely misses you.
The orc hits you but does no damage.
It was a potion of curing.
You feel better.
Giacotti hits the orc warrior but does no damage.
The orc warrior hits you with a trident.
* * * LOW HITPOINT WARNING * * *
The bullfrog completely misses you. The orc completely misses you.
It was a potion of haste.
You feel yourself speed up. The bullfrog hits you.
* * * LOW HITPOINT WARNING * * *
Giacotti barely misses the orc warrior.
The orc warrior hits you with a trident.
You die...

##.###...#.# #.# ####
###R#.#..#.# ###รท#
## ....)......#
#...#######l #####.
#######..###
#.##.oooo.oo#...... #
#..# #.
#.########.####. #
#..# ##.##o# ## #
#..#####...#o## #
#######........#RFo.#
.........#####.o@#..#
## ##########
##o##..# .. # #o ...#
## .o #.F# ### ?..
...# ... .... o... ##
##... .## ##..
#########
#.######........


You could see the friendly Giacotti the ancestor, an orc warrior, a bullfrog, an
orc wizard (invisible) and 5 orcs.

Vanquished Creatures
  Grinder (D:6)
  Sigmund (D:3)
  Eustachio (D:5)
  2 bullfrogs (D:6)
  2 scorpions (D:5)
  A howler monkey (D:5)
  5 crimson imps
  A centaur zombie (D:6)
  2 hounds
  A bullfrog zombie (D:6)
  5 orc priests
  4 orc wizards
  A centaur skeleton (D:5)
  Terence (D:2)
  An iguana (D:6)
  9 worker ants
  3 adders
  2 oozes
  5 worms
  A dart slug (D:3)
  3 leopard geckos
  27 orcs
  2 ball pythons
  4 giant cockroaches
  11 goblins
  8 hobgoblins
  7 jackals
  9 kobolds
  3 quokkas
  6 bats
  6 frilled lizards
  12 rats
147 creatures vanquished.

Vanquished Creatures (collateral kills)
  A bullfrog zombie (D:6)
  An orc priest (D:6)
  An orc wizard (D:6)
  A hound zombie (D:6)
  4 orcs (D:6)
8 creatures vanquished.

Vanquished Creatures (others)
  An ancestor (D:6)
1 creature vanquished.

Grand Total: 156 creatures vanquished

Notes
Turn   | Place    | Note
-------+----------+-------------------------------------------
     0 | D:1      | Feta the Ogre Hunter began the quest for the Orb.
     0 | D:1      | Reached XP level 1. HP: 22/22 MP: 1/1
    12 | D:1      | Reached skill level 3 in Fighting
    16 | D:1      | Reached XP level 2. HP: 21/31 MP: 2/2
   471 | D:1      | Reached XP level 3. HP: 30/39 MP: 3/3
   722 | D:1      | Reached skill level 4 in Fighting
  1304 | D:2      | Reached XP level 4. HP: 25/49 MP: 4/4
  1497 | D:2      | Noticed a moth of wrath
  1500 | D:2      | Found a bloodstained altar of Trog.
  2086 | D:3      | Reached skill level 5 in Fighting
  2088 | D:3      | Noticed Sigmund
  2235 | D:3      | Reached XP level 5. HP: 41/57 MP: 5/5
  2344 | D:3      | Noticed Terence
  2375 | D:2      | Killed Terence
  2629 | D:3      | Paralysed by a crimson imp for 2 turns
  2862 | D:3      | Reached skill level 6 in Fighting
  2862 | D:3      | Reached XP level 6. HP: 37/67 MP: 6/6
  3024 | D:3      | Found a shimmering altar of Xom.
  3071 | D:3      | Reached skill level 5 in Throwing
  3193 | D:3      | Reached skill level 1 in Maces & Flails
  3888 | D:3      | Killed Sigmund
  3888 | D:3      | Reached XP level 7. HP: 27/76 MP: 7/7
  3890 | D:3      | Gained mutation: You have sharp toenails. [potion of mutation]
  3890 | D:3      | Gained mutation: Your body sometimes deteriorates upon taking damage. [potion of mutation]
  3890 | D:3      | Gained mutation: You have very sharp teeth. [potion of mutation]
  3890 | D:3      | Gained mutation: You expend magic power (3 MP) to strengthen your wands. [potion of mutation]
  4883 | D:4      | Reached skill level 7 in Fighting
  5471 | D:5      | Entered Level 5 of the Dungeon
  5684 | D:5      | Noticed Eustachio
  5694 | D:5      | Killed Eustachio
  5694 | D:5      | Reached XP level 8. HP: 59/87 MP: 8/8
  6302 | D:5      | Found a staircase to the Ecumenical Temple.
  6573 | Temple   | Entered the Ecumenical Temple
  6594 | Temple   | Became a worshipper of Hepliaklqana the Forgotten
  6717 | D:5      | Got a brightly glowing robe
  6728 | D:5      | Identified the +0 robe of Summer {rF+ Dex+3 SInv Stlth+} (You found it on level 5 of the Dungeon)
  6890 | D:6      | Found a burning altar of Makhleb.
  6912 | D:6      | Found an iron altar of Okawaru.
  6913 | D:6      | Found a snail-covered altar of Cheibriados.
  6935 | D:6      | Found an ornate altar of the Wu Jian Council.
  6955 | D:6      | Reached skill level 8 in Fighting
  7427 | D:6      | Reached skill level 5 in Maces & Flails
  7510 | D:6      | Reached skill level 5 in Dodging
  7510 | D:6      | Reached XP level 9. HP: 76/87 MP: 9/9
  7514 | D:6      | Noticed Grinder
  7523 | D:6      | Killed Grinder
  7534 | D:6      | HP: 4/87 [bullfrog (4)]
  7534 | D:6      | Slain by an orc warrior

Vault maps used:
D:1:      onia_arrival_mini_spirals, corexii_corridor_pit
D:2:      minmay_diamond_boxcup, tgw_trog, minmay_tall_x
D:3:      led_xom_imps, minivault_23, uniq_terence, uniq_sigmund
D:5:      minmay_temple_entry_trees, first_ration, uniq_eustachio
D:6:      grunt_temple_overflow_open, water_boxes_lemuel,
          uniq_crazy_yiuf_cottage, uniq_grinder
Temple:   eino_temple_water

Skill      XL: |  1  2  3  4  5  6  7  8 |
---------------+-------------------------+-----
Fighting       | 3 4 5 6 7 8 |  8.5
Dodging        | 2 3 4 5 |  5.1
Throwing       | 5 6 |  6.6
Maces & Flails | 2 3 5 |  5.5
Stealth        | |  0.6

Action                   |  1- 3 |  4- 6 |  7- 9 || total
-------------------------+-------+-------+-------++-------
Melee: Short sword       |   125 |   227 |       ||   352
       Flail             |       |     4 |   183 ||   187
       Kick              |       |       |    55 ||    55
       Bite              |       |       |    18 ||    18
Throw: Large rock        |       |    23 |     6 ||    29
       Throwing net      |       |     5 |       ||     5
       Tomahawk          |       |     3 |       ||     3
Invok: Ancestor Identity |       |       |     1 ||     1
  Use: Potion            |       |       |     7 ||     7
 Stab: Sleeping          |     2 |       |     2 ||     4
       Held in net/web   |       |     2 |       ||     2
  Eat: Chunk             |     1 |     7 |    12 ||    20
Armor: Robe              |    33 |    26 |    31 ||    90
Dodge: Dodged            |    47 |    91 |   134 ||   272

Table legend:
 A = Spawn XP
 B = Non-spawn XP
 C = Spawn XP percentage of total XP
 D = Spawn monster count
 E = Non-spawn monster count
 F = Spawn count percentage of total count
 G = Total turns spent on level
                    A         B        C        D         E        F      G
               +---------+---------+-------+---------+---------+-------+---------
         Total |       0 |    2695 |   0.0 |       0 |     155 |   0.0 |  7534
               +---------+---------+-------+---------+---------+-------+---------
           D:1 |       0 |      49 |   0.0 |       0 |      27 |   0.0 |   990
           D:2 |       0 |     132 |   0.0 |       0 |      35 |   0.0 |  1865
           D:3 |       0 |     581 |   0.0 |       0 |      42 |   0.0 |  1466
           D:4 |       0 |     260 |   0.0 |       0 |      12 |   0.0 |  1150
           D:5 |       0 |     645 |   0.0 |       0 |      12 |   0.0 |  1337
           D:6 |       0 |    1028 |   0.0 |       0 |      27 |   0.0 |   685
               +---------+---------+-------+---------+---------+-------+---------
